 Dungeon Crawl Stone Soup version 0.30.1-6-gbe392663c4 (webtiles) character file.

Game seed: 12853806106852902197

8138 ChiefBigBeans the Geomancer (level 11, -4/63 HPs)
             Began as a Gargoyle Earth Elementalist on Sept 22, 2023.
             Was a Priest of Lugonu.
             Killed by divine providence
             ... invoked by an orc priest
              (14 damage)
             ... on level 10 of the Dungeon.
             The game lasted 00:23:19 (8974 turns).

ChiefBigBeans the Geomancer (GrEE)                  Turns: 8974, Time: 00:23:20

Health: -4/63      AC: 19    Str: 12    XL:     11   Next: 26%
Magic:  6/32       EV: 16    Int: 20    God:    Lugonu [***...]
Gold:   634        SH:  0    Dex: 10    Spells: 16/26 levels left

rFire   . . .        g - +5 quarterstaff (chaos)
rCold   . . .        (shield currently unavailable)
rNeg    + . .        r - +1 steam dragon scales
rPois   ∞            w - +0 helmet
rElec   +            h - +2 cloak {Will+}
rCorr   .            n - +0 pair of gloves
SInv    .            (no boots)
Will    +....        i - amulet of regeneration
Stlth   ++           j - +5 ring of evasion
HPRegen 1.10/turn    l - ring of magical power
MPRegen 0.23/turn

%: no passive effects
@: no status effects
A: sickness immunity, AC +8, negative energy resistance 1, electricity
resistance, torment resistance 1, petrification resistance
a: Renounce Religion, Depart the Abyss, Banish


You were on level 10 of the Dungeon.
You worshipped Lugonu.
Lugonu was most pleased with you.
You visited 2 branches of the dungeon, and saw 11 of its levels.
You visited the Abyss 1 time.

You collected 634 gold pieces.

Inventory:

Hand Weapons
 g - a +5 quarterstaff of chaos (weapon)
Missiles
 o - 2 throwing nets
Armour
 a - an orb of wrath
 h - a +2 cloak of willpower (worn)
 n - a +0 pair of gloves (worn)
 r - +1 steam dragon scales (worn)
 w - a +0 helmet (worn)
 A - a +0 robe of positive energy
Jewellery
 i - an amulet of regeneration (around neck)
 j - a +5 ring of evasion (left hand)
 l - a ring of magical power (right hand)
 q - a +6 ring of dexterity
 t - a ring of positive energy
Wands
 d - a wand of digging (8)
 m - a wand of flame (27)
 p - a wand of polymorph (4)
 s - a wand of mindburst (4)
 v - a wand of paralysis (4)
Scrolls
 k - a scroll of magic mapping
 y - a scroll of identify
Potions
 b - 5 potions of magic
 c - a potion of flight
 e - 5 potions of haste
 f - 2 potions of mutation
 u - 3 potions of berserk rage
 x - 3 potions of heal wounds
 z - 2 potions of curing


   Skills:
 + Level 5.1 Fighting
 + Level 8.2 Staves
 - Level 1.5 Dodging
 - Level 2.1 Stealth
 + Level 8.4 Spellcasting
 - Level 0.7 Transmutations
 + Level 11.3 Earth Magic
 - Level 6.0 Evocations


You had 16 spell levels left.
You knew the following spells:

 Your Spells              Type           Power      Damage    Failure   Level
a - Sandblast             Erth           100%       2d20      1%          1
b - Stone Arrow           Conj/Erth      62%        3d10      2%          3
c - Petrify               Tmut/Erth      32%        N/A       7%          4
d - Passwall              Tmut/Erth      26%        N/A       1%          2

Your spell library contained the following spells:

 Spells                   Type           Power      Damage    Failure   Level
 Magic Dart               Conj           32%        1d4       9%          1
 Blink                    Tloc           16%        N/A       12%         2
 Lesser Beckoning         Tloc           16%        N/A       12%         2
 Momentum Strike          Conj/Tloc      16%        3d8       12%         2
 Searing Ray              Conj           16%        2d5       12%         2
 Gell's Gravitas          Tloc           8%         N/A       24%         3
 Teleport Other           Tloc           8%         N/A       24%         3
 Vhi's Electric Charge    Tloc/Air       16%        N/A       24%         3
 Fulminant Prism          Conj/Hex       4%         3d5       63%         4
 Arcjolt                  Conj/Air       4%         1d14      92%         5
 Conjure Ball Lightning   Conj/Air       4%         3x3d6     100%        6
 Dispersal                Tloc           4%         N/A       100%        6
 Plasma Beam              Fire/Air       4%         2x1d15    100%        6
 Discord                  Hex            4%         N/A       100%        8
 Disjunction              Tloc           4%         N/A       100%        8


Dungeon Overview and Level Annotations

Branches:
Dungeon (10/15)            Temple (1/1) D:6             Orc (0/2) D:9
   Lair: D:8-11

Altars:
Ashenzari
Cheibriados
Dithmenos
Elyvilon
Fedhas
Gozag
Hepliaklqana
Makhleb
Uskayaw
Yredelemnul
Zin
The Shining One

Shops:
D:7 [   D:9 (


Innate Abilities, Weirdness & Mutations

You are immune to sickness and miasma.
Your stone body is resilient. (AC +8)
You are immune to poison.
You resist negative energy. (rN+)
You are resistant to electric shocks. (rElec)
You are resistant to unholy torment.
You are immune to petrification.


Message History

You sock the yak!
The yak appears confused.
The yak is heavily wounded.
The yak barely misses you.
You hit the yak.
The yak is poisoned.
The yak is severely wounded.
The yak barely misses you.
The yak gores itself!
The yak is killed!
Lugonu accepts your kill.
Your Fighting skill increases to level 5!
You closely miss the orc wizard.
The orc wizard hits you but does no damage.
The orc priest calls down the wrath of Beogh upon you.
Beogh smites you!
You sock the orc wizard!
The orc wizard is heavily wounded.
The orc wizard hits you with a +0 dagger.
The orc priest begins to cast a cantrip, but forgets the words!
You sock the orc wizard! You burn the orc wizard.
You kill the orc wizard!
Lugonu accepts your kill.
You thump the yak! You freeze the yak.
The yak is almost dead.
You thump the yak!
You kill the yak!
Lugonu accepts your kill.
The orc priest mumbles some strange prayers to Beogh against you.
Beogh smites you!
* * * LOW HITPOINT WARNING * * *
You sock the orc!
You feel better.
You kill the orc!
Lugonu accepts your kill.
The orc priest calls down the wrath of Beogh upon you.
Beogh smites you!
* * * LOW HITPOINT WARNING * * *
Items here: $ ( )) [ †††.
You hit the orc priest. You freeze the orc priest.
The orc priest is heavily wounded.
The orc priest mumbles some strange prayers to Beogh against you.
Beogh smites you!
You die...

# ## .###
..)############ .
##............# ...
############.#####...!.
#...@ooo....
#######..... ... .


You could see 2 orc priests and an orc.

Vanquished Creatures
  A two-headed ogre (D:10)
  Psyche (D:9)
  Eustachio (D:5)
  14 yaks
  8 steam dragons
  5 vampire mosquitoes
  Duvessa (D:7)
  An orc warrior (D:8)
  An ice beast (D:6)
  A sky beast (D:7)
  4 ogres
  5 centaurs
  3 lemures (D:6)
  2 phantoms (D:6)
  A kobold brigand (D:9)
  Blork the orc (D:5)
  4 bullfrogs
  2 scorpions
  3 wights (D:7)
  Dowan (D:7)
  4 killer bees (D:9)
  A howler monkey (D:4)
  5 hounds
  3 jellies
  5 orc priests
  2 gnoll boudas
  Crazy Yiuf (D:2)
  Jessica (D:2)
  A sleepcap (D:6)
  4 orc wizards
  11 adders
  7 gnolls
  2 shadow imps
  2 white imps
  2 ufetubi
  A worm (D:5)
  5 dart slugs
  23 orcs
  3 bats
  5 endoplasms
  2 giant cockroaches
  6 goblins
  10 hobgoblins
  10 jackals
  3 quokkas
  12 ball pythons
  4 frilled lizards
  8 kobolds
  6 rats
209 creatures vanquished.

Vanquished Creatures (others)
  Pikel (D:6)
  An orc priest (D:8)
  A gnoll (D:8)
3 creatures vanquished.

Grand Total: 212 creatures vanquished

Notes
Turn   | Place    | Note
-------+----------+-------------------------------------------
     0 | D:1      | ChiefBigBeans the Gargoyle Earth Elementalist began the
                  | quest for the Orb.
     0 | D:1      | Reached XP level 1. HP: 10/10 MP: 3/3
   259 | D:1      | Reached skill level 4 in Earth Magic
   259 | D:1      | Reached XP level 2. HP: 15/15 MP: 3/5
   930 | D:2      | Reached XP level 3. HP: 19/19 MP: 4/7
  1277 | D:2      | Reached XP level 4. HP: 24/24 MP: 2/8
  1398 | D:2      | Found a runed translucent door.
  1399 | D:2      | Noticed Crazy Yiuf
  1610 | D:2      | Noticed Jessica
  1612 | D:2      | Killed Jessica
  1613 | D:2      | Reached skill level 5 in Earth Magic
  1892 | D:2      | Killed Crazy Yiuf
  1893 | D:2      | Reached XP level 5. HP: 9/28 MP: 5/10
  2143 | D:3      | Learned a level 3 spell: Stone Arrow
  2148 | D:3      | Learned a level 4 spell: Petrify
  2876 | D:4      | Reached skill level 1 in Fighting
  2876 | D:4      | Reached skill level 1 in Staves
  2970 | D:4      | Reached XP level 6. HP: 33/34 MP: 11/11
  2984 | D:4      | You fall into a shaft and drop 1 floor!
  2984 | D:5      | Entered Level 5 of the Dungeon
  3048 | D:5      | Reached skill level 6 in Earth Magic
  3187 | D:5      | Noticed Eustachio
  3204 | D:5      | Killed Eustachio
  3205 | D:5      | Reached XP level 7. HP: 40/40 MP: 13/13
  3297 | D:5      | Noticed Blork the orc
  3304 | D:5      | Killed Blork the orc
  4007 | D:4      | Reached skill level 7 in Earth Magic
  4007 | D:4      | Reached XP level 8. HP: 48/48 MP: 15/15
  4322 | D:4      | Found a glowing golden altar of the Shining One.
  4322 | D:4      | Found a white marble altar of Elyvilon.
  4323 | D:4      | Found a glowing silver altar of Zin.
  4559 | D:6      | Reached skill level 5 in Spellcasting
  4657 | D:6      | Reached skill level 1 in Evocations
  4802 | D:6      | Found a staircase to the Ecumenical Temple.
  4906 | Temple   | Entered the Ecumenical Temple
  5323 | D:6      | Found a broken altar of Ashenzari.
  5388 | D:6      | Noticed Pikel
  5418 | D:6      | Killed Pikel
  5419 | D:6      | Reached skill level 5 in Staves
  5419 | D:6      | Reached skill level 8 in Earth Magic
  5419 | D:6      | Reached XP level 9. HP: 52/52 MP: 3/18
  6101 | D:7      | Noticed Duvessa
  6107 | D:7      | Noticed Dowan
  6162 | D:7      | Reached skill level 9 in Earth Magic
  6275 | D:7      | Killed Duvessa
  6286 | D:7      | Killed Dowan
  6372 | Abyss:1  | Cast into level 1 of the Abyss (gnoll)
  6412 | Abyss:1  | Noticed an ancient zyme
  6432 | Abyss:1  | Noticed a sixfirhy
  6435 | Abyss:1  | Found a corrupted altar of Lugonu.
  6439 | Abyss:1  | Became a worshipper of Lugonu the Unformed
  6439 | Abyss:1  | Reached * piety under Lugonu
  6439 | Abyss:1  | Reached ** piety under Lugonu
  6440 | D:7      | Escaped the Abyss
  6683 | D:7      | Found Ihoptaq's Antique Armour Boutique.
  6814 | D:8      | Reached XP level 10. HP: 56/56 MP: 16/20
  7086 | D:8      | Reached skill level 5 in Evocations
  7523 | D:9      | Learned a level 2 spell: Passwall
  7691 | D:9      | Found Rithres's Weapon Shop.
  7703 | D:9      | Reached skill level 10 in Earth Magic
  7866 | D:9      | Noticed Psyche
  7884 | D:9      | Killed Psyche
  8175 | D:9      | Found a staircase to the Orcish Mines.
  8550 | D:9      | Reached XP level 11. HP: 61/61 MP: 22/23
  8773 | D:10     | Entered Level 10 of the Dungeon
  8777 | D:10     | Reached *** piety under Lugonu
  8780 | D:10     | Reached skill level 11 in Earth Magic
  8890 | D:10     | Noticed a two-headed ogre
  8903 | D:10     | Killed a two-headed ogre
  8967 | D:10     | Reached skill level 5 in Fighting
  8974 | D:10     | Killed from afar by an orc priest

Illustrated notes

Levels and vault maps discovered:
D:1:      nzn_arrival_depleted_hourglass, layout_basic
D:2:      layout_loops_ring, uniq_jessica, uniq_crazy_yiuf_cottage
D:3:      layout_loops_corners, grunt_decor_cap
D:4:      layout_rooms, good_gods_temple_1
D:5:      layout_basic, chequers_serial_rivers_micro_c, uniq_eustachio,
          uniq_blork_the_orc
D:6:      layout_loops_ring, mainiacjoe_overflow_tiny_flanked,
          minmay_temple_entry_glass, serial_co_window_serial,
          co_window_corner_a, co_window_corner_a, co_window_corner_a,
          co_window_paths_a, co_window_paths_a, co_window_broadway_b,
          co_window_broadway_b, co_window_corner_b, glass_columns_a,
          glass_columns_a, uniq_pikel
D:7:      layout_rooms, serial_shops, nicolae_diamond_shop, uniq_duvessa
D:8:      layout_rooms
D:9:      layout_basic, orc_0_dummy, nicolae_take_the_stairs, uniq_psyche
D:10:     layout_rooms, minitemple, uniq_grum, uniq_sonja
Temple:   nicolae_temple_bog_church

Skill      XL: |  1  2  3  4  5  6  7  8  9 10 11 |
---------------+----------------------------------+-----
Earth Magic    | 4 5 6 7 8 9 10 11 | 11.3
Spellcasting   | 3 4 6 8 |  8.4
Fighting       | 1 2 3 4 5 |  5.1
Staves         | 1 2 3 5 6 7 8 |  8.2
Evocations     | 3 4 6 |  6.0
Dodging        | |  1.5
Stealth        | |  2.1
Transmutations | |  0.7

Action                     |  1- 3 |  4- 6 |  7- 9 | 10-12 || total
---------------------------+-------+-------+-------+-------++-------
  Melee: Dagger            |    13 |       |       |       ||    13
         Quarterstaff      |       |    26 |   125 |   128 ||   279
   Cast: Sandblast         |    42 |    71 |    17 |       ||   130
         Stone Arrow       |       |       |    66 |    89 ||   155
         Petrify           |       |       |       |     2 ||     2
 Invoke: Depart the Abyss  |       |       |     1 |       ||     1
  Evoke: Wand              |       |       |     5 |       ||     5
    Use: Scroll            |       |     4 |     9 |     2 ||    15
         Potion            |       |     2 |     5 |     3 ||    10
   Stab: Sleeping          |       |     1 |       |       ||     1
         Petrified         |       |       |       |     4 ||     4
 Armour: Robe              |     9 |    12 |    13 |       ||    34
         Steam dragon scal |       |       |    79 |    90 ||   169
  Dodge: Dodged            |    19 |    43 |   160 |   256 ||   478
